 Dungeon Crawl Stone Soup version 0.24-a0-592-g9a1d66b0e3 (webtiles) character file.

Game seed: 9103829685366458055, levelgen mode: deterministic

4339 Gargoyl the Covered (level 10, -3/83 HPs)
             Began as a Centaur Abyssal Knight on Sept 9, 2019.
             Was an Elder of Lugonu.
             Slain by P0WERM0DE's ghost (18 damage)
             ... on level 8 of the Dungeon.
             The game lasted 00:15:19 (9784 turns).

Gargoyl the Covered (Centaur Abyssal Knight)        Turns: 9784, Time: 00:15:21

Health: -3/83      AC: 12    Str: 18    XL:     10   Next: 12%
Magic:  5/13       EV:  7    Int: 11    God:    Lugonu [****..]
Gold:   325        SH:  0    Dex: 12    Spells: 9/9 levels left

rFire    + . .     SeeInvis .   j - +7 spear of Dullness {drain, Str+3}
rCold    + . .     Gourm    .   (no shield)
rNeg     . . .     Faith    .   k - +2 chain mail {rPois}
rPois    +         Spirit   .   (no helmet)
rElec    .         Reflect  .   u - +0 cloak
rCorr    .         Harm     .   (no gloves)
MR       .....                  (no barding)
Stlth    ..........             (no amulet)
HPRegen  0.23/turn              q - ring of flight
MPRegen  0.13/turn              x - ring of protection from fire

@: very quick
A: large, hooves 3, cold resistance 1, deformed body, speed 2, low mp 1, tough
skin 3, subdued magic 1
a: Depart the Abyss, Bend Space, Banish, Corrupt, Renounce Religion, Evoke
Flight


You were on level 8 of the Dungeon.
You worshipped Lugonu.
Lugonu was greatly pleased with you.
You were hungry.

You visited 1 branch of the dungeon, and saw 8 of its levels.
You visited the Abyss 1 time.
You also visited: Sewer.

You collected 325 gold pieces.

Inventory:

Hand Weapons
 a - a +1 hand axe
 j - the +7 spear of Dullness (weapon) {drain, Str+3}
   (You took it off an orc on level 5 of the Dungeon)

   A truly terrible weapon, it drains the life of those it strikes.
   It affects your strength (+3).
 r - a +6 broad axe
Missiles
 s - 8 boomerangs (quivered)
 t - 7 boomerangs of dispersal
Armour
 k - a +2 chain mail of poison resistance (worn)
 u - a +0 cloak (worn)
Jewellery
 q - a ring of flight (left hand)
 x - a ring of protection from fire (right hand)
Wands
 b - a wand of flame (12)
 d - a wand of enslavement (3)
Scrolls
 f - 5 scrolls of teleportation
 i - 4 scrolls of identify
 l - 5 scrolls of remove curse
 n - a scroll of blinking
 p - a scroll of magic mapping
 w - a scroll of fear
Potions
 e - 2 potions of flight
 g - 2 potions of curing
 h - a potion of haste
 m - a potion of brilliance
 o - 3 potions of heal wounds
Comestibles
 c - 13 rations


   Skills:
 + Level 6.2 Fighting
 + Level 4.8(5.8) Axes
 + Level 4.8(5.7) Polearms
 + Level 0.1 Throwing
 * Level 6.6 Armour
 * Level 4.0 Dodging
 * Level 6.3 Invocations
 + Level 1.1 Evocations


You had 9 spell levels left.
You didn't know any spells.
Your spell library contained the following spells:

 Spells                   Type           Power        Failure   Level  Hunger
 Animate Skeleton         Necr           N/A          98%         1    ##.....
 Infusion                 Chrm           #...         98%         1    ##.....
 Pain                     Necr           #...         98%         1    ##.....
 Shroud of Golubria       Chrm/Tloc      #.....       99%         2    ###....
 Song of Slaying          Chrm           #.......     99%         2    ###....
 Regeneration             Chrm/Necr      #.........   100%        3    ####...
 Spectral Weapon          Hex/Chrm       #.......     100%        3    ####...
 Vampiric Draining        Necr           #.........   100%        3    ####...
 Animate Dead             Necr           N/A          100%        4    #####..


Dungeon Overview and Level Annotations

Branches:
Dungeon (8/15)             Temple (0/1) D:5           Sewer (visited)
   Lair: D:8-11

Altars:
Ashenzari
Dithmenos
Gozag
Hepliaklqana
Nemelex Xobeh
Ru
Trog
Uskayaw
Wu Jian
Beogh

Shops:
D:6 :}

Annotations:
D:7 2 transporters, Amnesiac's ghost, novice OpTm
D:8 1 transporter, corrupted, P0WERM0DE's ghost, novice GrFi


Innate Abilities, Weirdness & Mutations

You have hooves in place of feet.
Armour fits poorly on your strangely shaped body.
You cover ground very quickly.
You have extremely tough skin. (AC +3)
Your flesh is cold resistant. (rC+)
Your magical capacity is low. (-10% MP)
Your spells are a little easier to cast, but a little less powerful.


Message History

Lugonu's Hand of Corruption reaches out!
You are feeling hungry.
The moth of wrath bites the small abomination!!
The gnoll sergeant hits the small abomination but does no damage.
The troll bites you! The troll claws you but does no damage.
The troll claws you.
The gnoll sergeant misses the ufetubus.
The big kobold hits the small abomination with a +0 dagger.
The moth of wrath bites the small abomination!
The small abomination is destroyed!
The gnoll sergeant hits the small abomination with a +0 spear.
The gnoll sergeant hits you from afar with the +5 spear of Destiny {flame, rC+ rN+++ Str-5}.
* * * LOW HITPOINT WARNING * * *
The ufetubus hits the gnoll sergeant but does no damage. x2
Space bends around you!
You blink.
The troll rages.
The small abomination hits the gnoll sergeant.
P0WERM0DE's ghost hits you!
* * * LOW HITPOINT WARNING * * *
You are electrocuted!!
You die...

#...# ##.......# #.# +...#
##..#####.# #.#
#...#####...### #.## ##+#
#...##...©...###..# ##...
###.....#####...#..###....
##.....###...#.#....##.....
####.....##
..53.x##..)#......
.........#
#....###...'..<...
###...#†#####@..##
##..#[[.[.. ##...##..##.W)#
#.#.###.....
#....##...#_.#..©#.# ##....
##.#.#g#....3..#.#.# ##)..
#.#/##5#XX3##5###.# ##'#
#.#..#.§T.KK.#....# #<# #
##.###..xg...G.#######.#
#..#W..yxXX#.X.........
##...###..#(.#.........


You could see a moth of wrath, a troll (berserk), 2 big kobolds, a gnoll
sergeant, P0WERM0DE's ghost, a neutral tentacled starspawn, a neutral eidolon, 2
neutral large abominations, a neutral smoke demon, a neutral neqoxec, a neutral
ynoxinul, 3 neutral small abominations, a neutral iron imp, a neutral golden eye
and 2 neutral ufetubi.

Vanquished Creatures
  Harold (D:7)
  Pikel (D:7)
  The ghost of Mithandil the Agent of Entropy, an amateur DsAK of Lugonu (D:5)
  A hippogriff (D:7)
  Menkaure (D:7)
  A hungry ghost (D:7)
  Duvessa (D:7)
  3 phantoms
  A sky beast (D:6)
  2 orc warriors
  4 slaves (D:7)
  5 ogres
  2 big kobolds (D:4)
  2 bullfrogs
  Dowan (D:7)
  A scorpion (D:5)
  A howler monkey (D:4)
  3 crimson imps
  A centaur skeleton (D:5)
  An orc priest (D:5)
  Ijyb (D:3)
  Jessica (D:2)
  2 gnoll shamans
  Terence (D:3)
  7 orc wizards
  4 worker ants
  A hound zombie (D:6)
  A hound skeleton (D:4)
  12 gnolls
  12 adders
  A shadow imp (D:4)
  An ooze (D:3)
  An adder skeleton (D:5)
  4 worms
  2 dart slugs
  3 leopard geckos
  27 orcs
  6 bats
  8 giant cockroaches
  12 hobgoblins
  7 jackals
  23 kobolds
  2 quokkas
  4 ball pythons
  11 frilled lizards
  8 goblins
  A leopard gecko zombie (D:5)
  5 rats
202 creatures vanquished.

Vanquished Creatures (collateral kills)
  A flying skull (Abyss:3)
1 creature vanquished.

Vanquished Creatures (others)
  A flying skull (Abyss:3)
1 creature vanquished.

Grand Total: 204 creatures vanquished

Notes
Turn   | Place    | Note
-------+----------+-------------------------------------------
     0 | Abyss:1  | Gargoyl the Centaur Abyssal Knight began the quest for the
                  | Orb.
     0 | Abyss:1  | Reached XP level 1. HP: 19/19 MP: 2/2
    67 | Abyss:3  | Noticed an iron dragon zombie
    95 | Abyss:3  | Noticed a flying skull
    97 | Abyss:3  | Noticed a flying skull
   114 | Abyss:3  | Noticed a ynoxinul
   115 | Abyss:3  | Killed a flying skull
   115 | Abyss:3  | Reached XP level 2. HP: 27/27 MP: 4/4
   115 | Abyss:3  | Reached XP level 3. HP: 33/33 MP: 5/5
   115 | Abyss:3  | Reached XP level 4. HP: 40/40 MP: 6/6
   118 | Abyss:3  | Noticed a spatial vortex
   118 | Abyss:3  | Noticed a spatial maelstrom
   127 | Abyss:3  | Noticed a spatial vortex
   129 | Abyss:3  | Noticed an ancient zyme
   132 | Abyss:3  | Noticed a spatial maelstrom
   136 | Abyss:3  | Noticed an apocalypse crab
   137 | Abyss:3  | Noticed a spatial vortex
   138 | D:1      | Escaped the Abyss
   832 | D:1      | Reached * piety under Lugonu
  1430 | D:2      | Noticed Jessica
  1444 | D:2      | Killed Jessica
  1444 | D:2      | Reached XP level 5. HP: 34/47 MP: 7/7
  1946 | D:2      | Reached ** piety under Lugonu
  1946 | D:2      | Reached skill level 1 in Dodging
  2960 | D:3      | Noticed Ijyb
  2994 | D:3      | Killed Ijyb
  2994 | D:3      | Reached XP level 6. HP: 45/53 MP: 8/8
  3140 | D:3      | Found a shattered altar of Ashenzari.
  3263 | D:3      | Noticed Terence
  3275 | D:3      | Killed Terence
  3687 | D:4      | Gained mutation: Your magical capacity is low. (-10% MP)
                  | [potion of mutation]
  3687 | D:4      | Gained mutation: Your spells are a little easier to cast,
                  | but a little less powerful. [potion of mutation]
  3687 | D:4      | Gained mutation: Your flesh is cold resistant. (rC+)
                  | [potion of mutation]
  3877 | D:4      | Found a glowing drain.
  3886 | Sewer    | Entered a sewer
  3893 | Sewer    | Reached *** piety under Lugonu
  4534 | D:4      | Found a sparkling altar of Nemelex Xobeh.
  4927 | D:4      | Reached XP level 7. HP: 53/60 MP: 8/8
  5014 | D:4      | Reached skill level 5 in Fighting
  5762 | D:5      | Entered Level 5 of the Dungeon
  5796 | D:5      | Reached skill level 1 in Evocations
  6174 | D:5      | Found a runed translucent gate.
  6174 | D:5      | Found a runed translucent gate.
  6174 | D:5      | Found a runed translucent gate.
  6175 | D:5      | Noticed Mithandil's ghost (amateur DsAK)
  6176 | D:5      | Identified the +7 spear of Dullness {drain, Str+3}
  6179 | D:5      | Found a roughly hewn altar of Beogh.
  6318 | D:5      | Found a staircase to the Ecumenical Temple.
  6331 | D:5      | Reached XP level 8. HP: 68/68 MP: 10/10
  6695 | D:5      | Killed Mithandil's ghost
  7031 | D:5      | Reached **** piety under Lugonu
  7393 | D:6      | Found a sacrificial altar of Ru.
  7549 | D:6      | Found Ynept's Gadget Shop.
  7560 | D:6      | Reached skill level 5 in Armour
  7610 | D:6      | Reached skill level 1 in Polearms
  7632 | D:6      | Reached skill level 5 in Invocations
  7835 | D:6      | Found Zunaafeh's Book Boutique.
  7856 | D:6      | Found a shadowy altar of Dithmenos.
  8303 | D:8      | Reached XP level 9. HP: 40/74 MP: 11/11
  8600 | D:7      | Noticed Pikel
  8608 | D:7      | Found a hazy altar of Hepliaklqana.
  8703 | D:7      | Found a transporter.
  8705 | D:7      | Found a transporter.
  8707 | D:7      | Noticed Amnesiac's ghost (novice OpTm)
  8724 | D:7      | Killed Pikel
  8826 | D:7      | Noticed Menkaure
  8838 | D:7      | Killed Menkaure
  9019 | D:7      | Noticed Duvessa
  9020 | D:7      | Noticed Dowan
  9031 | D:7      | Found an opulent altar of Gozag.
  9038 | D:7      | Killed Duvessa
  9052 | D:7      | Killed Dowan
  9204 | D:7      | Found a shattered altar of Ashenzari.
  9223 | D:7      | Found an ornate altar of the Wu Jian Council.
  9265 | D:7      | Found a hide-covered altar of Uskayaw.
  9266 | D:7      | Found a bloodstained altar of Trog.
  9313 | D:7      | Noticed Harold
  9336 | D:7      | Killed Harold
  9336 | D:7      | Reached XP level 10. HP: 49/83 MP: 13/13
  9591 | D:8      | Found a transporter.
  9637 | D:8      | Found a transporter.
  9640 | D:8      | Found a bloodstained altar of Trog.
  9749 | D:8      | Identified the +5 spear of Destiny {flame, rC+ rN+++ Str-5}
  9749 | D:8      | Noticed a moth of wrath
  9774 | D:8      | Noticed P0WERM0DE's ghost (novice GrFi)
  9782 | D:8      | Corrupted D:8
  9782 | D:8      | Noticed a thrashing horror
  9782 | D:8      | Noticed an eidolon
  9782 | D:8      | Noticed a bone dragon
  9782 | D:8      | Noticed a smoke demon
  9782 | D:8      | Noticed a starcursed mass
  9782 | D:8      | Noticed a tentacled starspawn
  9784 | D:8      | Slain by P0WERM0DE's ghost

Levels and vault maps discovered:
D:1:      lightli_arrival_maybe_door_vault, layout_loops_corners
D:2:      minmay_inner_zag, layout_basic, uniq_jessica
D:3:      layout_loops_corners, cheibrodos_ashenzari_chains, first_ration,
          hex_medium, uniq_terence, uniq_ijyb
D:4:      cheibrodos_thug_alley, layout_loops_corners,
          nicolae_overflow_hidden_temple, portal_sewer_entry_d
D:5:      layout_rooms, minmay_temple_entry_junction_2,
          biasface_ghost_orc_armoury
D:6:      layout_basic, nicolae_ru_awakened_eye, nicolae_overflow_crystal_walls,
          serial_shops, shop_fountains, shop
D:7:      layout_cave_pools, kennysheep_mini_moat, grunt_temple_overflow_open,
          gammafunk_ghost_hive, basic_altar, minmay_ruined_shrine, uniq_harold,
          uniq_duvessa, uniq_menkaure, uniq_pikel
D:8:      layout_loops_corners, zin_treasury, david_lair_generic,
          gammafunk_ghost_wrathful_warriors

Skill      XL: |  1  2  3  4  5  6  7  8  9 |
---------------+----------------------------+-----
Fighting       | 4 5 6 |  6.2
Axes           | 2 3 4 |  4.8
Invocations    | 3 4 5 6 |  6.3
Armour         | 2 3 5 6 |  6.6
Dodging        | 1 2 3 4 |  4.0
Evocations     | 1 |  1.1
Polearms       | 1 4 |  4.8
Throwing       | |  0.1

Action                   |  1- 3 |  4- 6 |  7- 9 | 10-12 || total
-------------------------+-------+-------+-------+-------++-------
Melee: Hand axe          |       |   367 |   154 |       ||   521
       Kick              |       |    61 |    85 |     5 ||   151
       Spear             |       |       |   225 |    19 ||   244
Throw: Boomerang         |       |       |     3 |       ||     3
Invok: Depart the Abyss  |       |     1 |       |       ||     1
       Bend Space        |       |       |       |     1 ||     1
       Corrupt           |       |       |       |     1 ||     1
Evoke: Wand              |     4 |     2 |    11 |       ||    17
  Use: Scroll            |     1 |     8 |     5 |     3 ||    17
       Potion            |     1 |     3 |     3 |       ||     7
  Eat: Chunk             |       |     7 |     6 |       ||    13
       Ration            |       |     1 |     4 |       ||     5
Armor: Scale mail        |       |    93 |       |       ||    93
       Leather armour    |       |     8 |       |       ||     8
       Chain mail        |       |   117 |   178 |     9 ||   304
       Skin              |       |       |    10 |       ||    10
Dodge: Dodged            |       |   123 |    76 |     5 ||   204

Table legend:
 A = Non-vault XP
 B = Vault XP
 C = Vault XP percentage of total XP
 D = Non-vault monster count
 E = Vault monster count
 F = Vault count percentage of total count
                 A         B        C        D         E       F
            +---------+---------+-------+---------+---------+-------
      Total |    3075 |    3124 |  50.4 |     141 |      58 |  29.1
            +---------+---------+-------+---------+---------+-------
        D:1 |      34 |       0 |   0.0 |      20 |       0 |   0.0
        D:2 |      50 |      61 |  55.0 |      18 |       9 |  33.3
        D:3 |     122 |      74 |  37.8 |      27 |       2 |   6.9
        D:4 |     459 |     230 |  33.4 |      22 |      12 |  35.3
        D:5 |     393 |     477 |  54.8 |      11 |      11 |  50.0
        D:6 |     547 |       0 |   0.0 |      13 |       0 |   0.0
        D:7 |     939 |    2245 |  70.5 |      19 |      11 |  36.7
        D:8 |     411 |       0 |   0.0 |      10 |       0 |   0.0
    Abyss:3 |     120 |       0 |   0.0 |       1 |       0 |   0.0
      Sewer |       0 |      37 | 100.0 |       0 |      13 | 100.0
            +---------+---------+-------+---------+---------+-------
